 Dungeon Crawl Stone Soup version 0.18.1-50-g88ac8fd (webtiles) character file.

39 kengeki the Changer (level 3, 0/26 HPs)
             Began as a Merfolk Transmuter on Nov 4, 2016.
             Slain by a kobold
             ... wielding a +1 short sword of distortion
              (22 damage)
             ... on level 2 of the Dungeon.
             The game lasted 00:05:47 (747 turns).

kengeki the Changer (Merfolk Transmuter)             Turns: 747, Time: 00:05:48

Health: 0/26       AC:  2    Str: 10    XL:     3   Next: 45%
Magic:  6/6        EV: 13    Int: 13    God:
Gold:   55         SH:  0    Dex: 14    Spells: 2 memorised, 2 levels left

rFire  . . .     SeeInvis .       - Unarmed
rCold  . . .     Gourm    .     b - +0 robe
rNeg   . . .     Faith    .     (no shield)
rPois  .         Spirit   .     (no helmet)
rElec  .         Dismiss  .     (no cloak)
rCorr  .         Reflect  .     (no gloves)
SustAt .         Harm     .     (no boots)
MR     .....                    (no amulet)
Stlth  +.........               (no ring)
                                (no ring)

@: appendage, not resistant to hostile enchantments, very unstealthy
A: change form in water, swift swim, horns 2
a: End Transformation


You were on level 2 of the Dungeon.
You were not hungry.
You had grown temporary horns.
You visited 1 branch of the dungeon, and saw 2 of its levels.

You collected 55 gold pieces.

Inventory:

Missiles
 a - 12 arrows
Armour
 b - a +0 robe (worn)
Potions
 e - a potion of curing {unknown}
Books
 c - a book of Changes

   Spells                             Type                      Level
   a - Beastly Appendage              Transmutation                1
   b - Sticks to Snakes               Transmutation                2
   c - Spider Form                    Transmutation/Poison         3
   d - Ice Form                       Ice/Transmutation            4
   e - Blade Hands                    Transmutation                5
Comestibles
 d - 2 bread rations
 f - 6 chunks of flesh
 g - a slice of pizza


   Skills:
 - Level 1.1 Fighting
 - Level 2.6 Dodging
 - Level 3.2 Unarmed Combat
 - Level 2.0 Spellcasting
 - Level 4.6 Transmutations
 + Level 1.2 Poison Magic


You had 2 spell levels left.
You knew the following spells:

 Your Spells              Type           Power        Failure   Level  Hunger
a - Beastly Appendage     Trmt           ##....       4%          1    ##.....
s - Spider Form           Trmt/Pois      #.........   28%         3    ####...


Dungeon Overview and Level Annotations

Branches:
Dungeon (2/15)

Altars:

Annotations:
D:1 exclusion: downstairs
D:2 Ijyb


Innate Abilities, Weirdness & Mutations

You revert to your normal form in water.
You are very nimble and swift while swimming.
You have a pair of horns on your head.


Message History

The hobgoblin is severely wounded.
The hobgoblin closely misses you.
You hit the hobgoblin but do no damage.
The hobgoblin is severely wounded.
The hobgoblin hits you with a club.
You hit the hobgoblin.
You kill the hobgoblin!
A kobold comes into view.
It is wielding a short sword of distortion.
Things that are here:
a club; a hobgoblin corpse You butcher the hobgoblin corpse.
f - 6 chunks of flesh (gained 4)
You see here a club.
Ijyb the Twisted Goblin comes into view.
He is wielding a club.
A worm comes into view.
The kobold misses you.
You barely miss the kobold. The kobold hits you but does no damage.
Space warps horribly around you!
Ouch! That really hurt!
You die...

.## ..# =.## . #.. ... ..#
.....####.## .w..g.K@...#
.....####).# ... #..# ####
. #..# ♣ ♣.♣.## #.># #
.♣...♣.###########..###...
♣.♣.♣.♣.................#
..÷♣...#####(.####?.###...
♣÷♣.♣.♣# #..# #$.# #


You could see Ijyb (wandering), a worm and a kobold.

Vanquished Creatures
  2 adders (D:2)
  An ooze (D:1)
  A giant gecko (D:1)
  A bat (D:2)
  3 hobgoblins
  A giant newt (D:2)
  6 kobolds
  5 rats (D:1)
20 creatures vanquished.

Notes
Turn   | Place    | Note
--------------------------------------------------------------
     0 | D:1      | kengeki the Merfolk Transmuter began the quest for the Orb.
     0 | D:1      | Reached XP level 1. HP: 15/15 MP: 3/3
   131 | D:1      | Reached skill level 3 in Transmutations
   182 | D:1      | Reached XP level 2. HP: 18/21 MP: 3/5
   326 | D:1      | Reached skill level 4 in Transmutations
   517 | D:2      | Reached XP level 3. HP: 15/26 MP: 6/6
   522 | D:2      | Learned a level 3 spell: Spider Form
   720 | D:2      | Reached skill level 1 in Poison Magic
   746 | D:2      | Noticed Ijyb
   747 | D:2      | Slain by a kobold

Skill      XL: |  1  2  3 |
---------------+----------+-----
Transmutations | 3 4 |  4.6
Poison Magic   | 1 |  1.2
Fighting       | |  1.1
Dodging        | |  2.6
Unarmed Combat | |  3.2
Spellcasting   | |  2.0

Action                   || total
-------------------------++-------
Melee: Unarmed           ||    60
       Headbutt          ||     3
 Cast: Beastly Appendage ||    13
  Use: Scroll            ||     1
 Stab: Sleeping          ||     1
Armor: Robe              ||     3
Dodge: Dodged            ||    32
